 Dungeon Crawl Stone Soup version 0.23.2-30-g0e89c35649 (webtiles) character file.

Game seed: 5847295966493262252

39050 Kairos the Severer (level 13, -12/121 HPs)
             Began as a Deep Dwarf Fighter on June 11, 2019.
             Was a High Priest of Makhleb.
             Killed from afar by a gargoyle (14 damage)
             ... with a stone arrow
             ... while petrified by you
             ... in a Gauntlet.
             The game lasted 00:39:22 (13224 turns).

Kairos the Severer (Deep Dwarf Fighter)            Turns: 13224, Time: 00:39:23

Health: -12/121    AC: 14    Str: 28    XL:     13   Next: 67%
Magic:  9/9        EV:  2    Int: 10    God:    Makhleb [*****.]
Gold:   1033       SH:  0    Dex: 14    Spells: 10/12 levels left

rFire    . . .     SeeInvis +   N - +2 war axe (vamp)
rCold    . . .     Gourm    .   c - +0 shield
rNeg     + + +     Faith    +   k - +0 chain mail {rPois}
rPois    ∞         Spirit   .   F - +0 helmet
rElec    .         Reflect  .   X - +2 cloak
rCorr    .         Harm     .   T - +0 pair of gloves of Poor Excuses {SInv}
MR       ++...     NoTele   +   (no boots)
Stlth    ..........             P - amulet of faith
HPRegen  0.00/turn              E - ring of protection from magic
MPRegen  0.11/turn              y - +4 ring of strength

@: petrified, non-regenerating
A: damage resistance, heal wounds, agile 1, deformed body, sense surroundings 2,
no regeneration
a: Heal Wounds, Minor Destruction, Lesser Servant of Makhleb, Major Destruction,
Greater Servant of Makhleb, Renounce Religion


You were in a Gauntlet.
You worshipped Makhleb.
Makhleb was extremely pleased with you.
You were not hungry.

You visited 3 branches of the dungeon, and saw 17 of its levels.
You also visited: Sewer, Gauntlet and Ice Cave.

You collected 1077 gold pieces.
You spent 44 gold pieces at shops.

Inventory:

Hand Weapons
 A - a +3 morningstar of crushing
 N - a +2 vampiric war axe (weapon)
Missiles
 C - 17 javelins (quivered)
 H - 3 throwing nets
Armour
 c - a +0 shield (worn)
 k - a +0 chain mail of poison resistance (worn)
 F - a +0 helmet (worn)
 R - +0 ice dragon scales
 T - the +0 pair of gloves of Poor Excuses (worn) {SInv}
   (You found it on level 10 of the Dungeon)

   It lets you see invisible.
 X - a +2 cloak (worn)
Jewellery
 g - an uncursed ring of protection from fire
 y - a +4 ring of strength (right hand)
 z - an uncursed ring of ice
 E - a ring of protection from magic (left hand)
 P - an amulet of faith (around neck)
 V - an uncursed ring of resist corrosion
 W - an uncursed amulet of rage
Wands
 a - a wand of acid (6)
 u - a wand of iceblast (16)
 w - a wand of flame (36)
 x - a wand of polymorph (8)
 J - a wand of paralysis (18)
 K - a wand of random effects (18)
 S - a wand of digging (2)
 U - a wand of clouds (3)
 Y - a wand of enslavement (12)
Scrolls
 h - 3 scrolls of fear
 l - 4 scrolls of teleportation
 o - 6 scrolls of fog
 q - a scroll of blinking
 s - 9 scrolls of remove curse
 v - a scroll of identify
 D - 5 scrolls of enchant armour
 O - a scroll of silence
Potions
 d - a potion of might
 e - 2 potions of agility
 i - 8 potions of magic
 j - 2 potions of brilliance
 m - a potion of cancellation
 p - 9 potions of curing
 r - 4 potions of haste
 t - a potion of invisibility
 B - 4 potions of flight
 G - a potion of resistance
Miscellaneous
 b - a phantom mirror
Comestibles
 f - 18 rations


   Skills:
 + Level 9.4 Fighting
 + Level 15.8 Axes
 + Level 0.1(9.8) Maces & Flails
 + Level 0.8 Throwing
 + Level 10.8 Armour
 + Level 6.3 Dodging
 + Level 1.9 Stealth
 + Level 12.1 Shields
 + Level 3.4 Evocations


You had 10 spell levels left.
You knew the following spells:

 Your Spells              Type           Power        Failure   Level  Hunger
a - Blink                 Tloc           N/A          98%         2    ###....

Your spell library contained the following spells:

 Spells                   Type           Power        Failure   Level  Hunger
 Animate Skeleton         Necr           N/A          92%         1    ##.....
 Apportation              Tloc           #.....       92%         1    ##.....
 Confusing Touch          Hex            #.....       92%         1    ##.....
 Freeze                   Ice            #...         92%         1    ##.....
 Infusion                 Chrm           #...         92%         1    ##.....
 Magic Dart               Conj           #...         92%         1    ##.....
 Sandblast                Erth           #.....       92%         1    ##.....
 Summon Small Mammal      Summ           #...         92%         1    ##.....
 Call Imp                 Summ           #.......     98%         2    ###....
 Ensorcelled Hibernation  Hex/Ice        #.....       98%         2    ###....
 Passwall                 Tmut/Erth      #.......     98%         2    ###....
 Shroud of Golubria       Chrm/Tloc      #.........   98%         2    ###....
 Slow                     Hex            #.......     98%         2    ###....
 Song of Slaying          Chrm           #.......     98%         2    ###....
 Throw Frost              Conj/Ice       #.....       98%         2    ###....
 Conjure Flame            Conj/Fire      #.......     100%        3    ####...
 Mephitic Cloud           Conj/Pois/Air  #.......     100%        3    ####...
 Spectral Weapon          Hex/Chrm       #.......     100%        3    ####...
 Stone Arrow              Conj/Erth      #.....       100%        3    ####...
 Ice Form                 Ice/Tmut       #.......     100%        4    #####..
 Petrify                  Tmut/Erth      #.......     100%        4    #####..
 Lee's Rapid Deconstruct  Erth           #.........   100%        5    ######.
 Metabolic Englaciation   Hex/Ice        #.........   100%        5    ######.
 Bolt of Cold             Conj/Ice       #.........   100%        6    #######
 Freezing Cloud           Conj/Ice/Air   #.........   100%        6    #######
 Ozocubu's Refrigeration  Ice            #.........   100%        6    #######
 Simulacrum               Ice/Necr       #.........   100%        6    #######
 Regeneration             Chrm/Necr      Unusable     N/A         3    N/A

Dungeon Overview and Level Annotations

Branches:
Dungeon (11/15)            Temple (1/1) D:5            Lair (5/6) D:11
  Swamp (0/4) Lair:3       Spider (0/4) Lair:3          Orc (0/2) D:9
  Slime: Lair:5-6

Altars:
Ashenzari
Cheibriados
Dithmenos
Elyvilon
Fedhas
Gozag
Hepliaklqana
Kikubaaqudgha
Makhleb
Nemelex Xobeh
Okawaru
Qazlal
Ru
Sif Muna
Trog
Uskayaw
Vehumet
Wu Jian
Xom
Yredelemnul
Zin
The Shining One
Beogh

Shops:
D:4 (

Annotations:
D:7 1 transporter
Lair:3 exclusions: 4 oklob plants and orange crystal statue Gauntlet 11 transporters, 4 runed translucent doors


Innate Abilities, Weirdness & Mutations

You are resistant to damage.
You can heal yourself by infusing magical energy.
You passively map the area around you.
You do not regenerate.
You are agile. (Dex +2)
Armour fits poorly on your strangely shaped body.


Message History

The gargoyle hits you with a +0 morningstar!
* * * LOW HITPOINT WARNING * * *
The catoblepas breathes a plume of calcifying dust at your orange demon.
The blast of calcifying dust hits your orange demon.
You are engulfed in calcifying dust.
Your orange demon is engulfed in calcifying dust.
The gargoyle hits you with a +0 morningstar!
* * * LOW HITPOINT WARNING * * *
The catoblepas gores your orange demon!!
You are engulfed in calcifying dust.
Your orange demon is engulfed in calcifying dust.
The catoblepas gores your orange demon!!
The gargoyle hurls a stone arrow at you.
The stone arrow hits you!
* * * LOW HITPOINT WARNING * * *
Your orange demon is engulfed in calcifying dust.
The catoblepas gores your orange demon.
The gargoyle hurls a stone arrow at you.
The stone arrow hits you!!
You die...

##.#########.#########.#
##≈....#©.........©#....≈
#≈≈..⌠.#.⌠.⌠.⌠.⌠.⌠.#.⌠..≈
##≈....#©.........©#....≈
##.###################.#
##≈.#..#©#..#.#...©)!.#.≈
#≈≈.#??#.#..#.#.#####.#.≈
##≈.###4Y9..#.#g#≈≈≈#.#.≈
##.#...@#..#.#x#.©.#.#.#
##≈.#.##.#..#.#g+...+.#.≈
#≈≈.#.##.#..#.#.#####.#.≈
##≈.#...©#..#.#.g.....#.≈
##.#########.#########.#
#≈.....©.........©.....≈
#≈≈≈#≈≈≈#..∩.⌠.∩..#≈≈≈#≈≈
##≈###≈###.......###≈###≈
## ### ##≈≈≈≈≈## ### #


You could see a catoblepas, a worldbinder, a gargoyle, 2 boggarts and a friendly
orange demon (petrified).

Vanquished Creatures
  A frost giant (IceCv)
  Nessos (Lair:4)
  3 hydras
  A two-headed ogre (D:10)
  Erica (D:8)
  An ogre mage (D:7)
  8 death yaks
  Urug (D:10)
  2 unseen horrors (D:10)
  An ice statue (IceCv)
  8 spiny frogs
  2 rime drakes
  3 komodo dragons
  A jumping spider (Lair:3)
  3 trolls
  3 blink frogs (Lair:1)
  16 polar bears (IceCv)
  5 dream sheep (Lair:4)
  7 hippogriffs
  A human (D:7)
  2 wyverns
  30 yaks
  4 hogs (D:7)
  3 basilisks
  A steam dragon (D:11)
  3 water moccasins
  10 porcupines
  3 sky beasts
  Purgy (Sewer)
  2 black bears
  A necrophage (D:10)
  6 orc warriors
  An eye of draining (D:10)
  2 phantoms
  2 ice beasts (D:9)
  5 ogres
  29 wolves
  7 centaurs
  7 crocodiles
  3 big kobolds
  10 bullfrogs
  3 scorpions
  2 water moccasin skeletons
  5 wights (D:10)
  A howler monkey (D:7)
  An electric eel (Lair:3)
  3 crimson imps
  A bullfrog zombie (D:9)
  5 jellies
  5 orc priests
  9 orc wizards
  4 centaur skeletons
  5 bullfrog skeletons
  3 hounds
  2 iguanas
  4 worker ants
  3 hound zombies
  A hound skeleton (D:11)
  A worker ant zombie (D:10)
  4 gnolls (D:7)
  A howler monkey skeleton (D:9)
  12 adders
  A river rat (D:3)
  12 white imps (Lair:1)
  An ooze (D:3)
  An adder skeleton (D:4)
  2 adder zombies
  3 worms
  2 dart slugs
  7 leopard geckos
  32 orcs
  8 bats
  9 giant cockroaches
  9 goblins
  6 hobgoblins
  4 jackals (D:7)
  20 kobolds
  7 quokkas
  3 ball pythons (Sewer)
  8 frilled lizards
  A leopard gecko skeleton (D:4)
  2 quokka skeletons
  A quokka zombie (D:2)
  10 rats
  A fungus (Lair:3)
426 creatures vanquished.

Vanquished Creatures (others)
  2 fungi (Lair:4)
  2 plants
4 creatures vanquished.

Grand Total: 430 creatures vanquished

Notes
Turn   | Place    | Note
-------+----------+-------------------------------------------
     0 | D:1      | Kairos the Deep Dwarf Fighter began the quest for the Orb.
     0 | D:1      | Reached XP level 1. HP: 20/20 MP: 1/1
   210 | D:1      | Reached XP level 2. HP: 28/28 MP: 2/2
   642 | D:2      | Reached skill level 3 in Axes
   642 | D:2      | Reached XP level 3. HP: 26/34 MP: 3/3
   658 | D:2      | Reached skill level 1 in Dodging
   717 | D:2      | Found a stormy altar of Qazlal.
   869 | D:2      | Reached XP level 4. HP: 28/42 MP: 4/4
  1408 | D:3      | Found a glowing drain.
  1412 | Sewer    | Entered a sewer
  1507 | Sewer    | Reached skill level 4 in Axes
  1510 | Sewer    | Noticed Purgy
  1532 | Sewer    | Killed Purgy
  1532 | Sewer    | Reached XP level 5. HP: 33/49 MP: 5/5
  1986 | D:4      | Found Huhuth's Weapon Emporium.
  1986 | D:4      | Noticed an ogre
  1997 | D:4      | Killed an ogre
  1997 | D:4      | Reached skill level 5 in Axes
  1997 | D:4      | Reached XP level 6. HP: 15/56 MP: 6/6
  2066 | D:4      | Found an ancient bone altar of Kikubaaqudgha.
  2501 | D:4      | Bought a +0 broad axe for 44 gold pieces
  2513 | D:5      | Entered Level 5 of the Dungeon
  2523 | D:5      | Reached XP level 7. HP: 30/62 MP: 6/6
  2525 | D:5      | Reached skill level 6 in Axes
  2749 | D:5      | Found a staircase to the Ecumenical Temple.
  2762 | Temple   | Entered the Ecumenical Temple
  3414 | D:6      | Reached skill level 7 in Axes
  3461 | D:6      | Reached skill level 5 in Shields
  3608 | D:6      | Reached skill level 5 in Armour
  3608 | D:6      | Reached XP level 8. HP: 51/72 MP: 6/6
  3654 | D:6      | You fall through a shaft!
  3654 | D:7      | Found a roughly hewn altar of Beogh.
  3654 | D:7      | Found a transporter.
  3654 | D:7      | Noticed an ogre mage
  3663 | D:7      | Killed an ogre mage
  3663 | D:7      | Reached skill level 8 in Axes
  3667 | D:7      | Found a transporter.
  3685 | D:7      | Reached skill level 9 in Axes
  3689 | D:7      | Gained mutation: You passively map the area around you.
                  | [Deep Dwarf growth]
  3689 | D:7      | Reached XP level 9. HP: 25/79 MP: 7/7
  3846 | D:7      | HP: 1/80 [hog (4)]
  3859 | D:7      | Reached skill level 5 in Fighting
  3859 | D:7      | Reached skill level 10 in Axes
  4183 | D:7      | Found a shattered altar of Ashenzari.
  4669 | D:8      | Noticed Erica
  4681 | D:8      | Killed Erica
  4681 | D:8      | Reached skill level 11 in Axes
  4681 | D:8      | Reached XP level 10. HP: 42/88 MP: 6/6
  4715 | D:8      | Found a sacrificial altar of Ru.
  4753 | D:8      | Found a glowing silver altar of Zin.
  4755 | D:8      | Found an opulent altar of Gozag.
  4763 | D:8      | Found a burning altar of Makhleb.
  4763 | D:8      | Found a hazy altar of Hepliaklqana.
  4763 | D:8      | Found a shattered altar of Ashenzari.
  4763 | D:8      | Found a basalt altar of Yredelemnul.
  4766 | D:8      | Found a shadowy altar of Dithmenos.
  4858 | D:8      | Became a worshipper of Makhleb the Destroyer
  4921 | D:8      | Found a stormy altar of Qazlal.
  5334 | D:9      | Found a staircase to the Orcish Mines.
  5454 | D:9      | Reached * piety under Makhleb
  5491 | D:9      | Found a snail-covered altar of Cheibriados.
  5978 | D:9      | Reached skill level 12 in Axes
  6233 | D:10     | Entered Level 10 of the Dungeon
  6424 | D:10     | Killed an unseen horror
  6596 | D:10     | Noticed a two-headed ogre
  6690 | D:10     | Reached XP level 11. HP: 96/97 MP: 6/6
  6705 | D:10     | Noticed Urug
  6723 | D:10     | Killed Urug
  6782 | D:10     | Reached ** piety under Makhleb
  6831 | D:10     | Found a glowing golden altar of the Shining One.
  6986 | D:10     | Killed a two-headed ogre
  6986 | D:10     | Reached skill level 1 in Stealth
  6986 | D:10     | Reached skill level 1 in Evocations
  7249 | D:10     | Got a pair of shimmering gloves
  7255 | D:10     | Identified the +0 pair of gloves of Poor Excuses {SInv}
                  | (You found it on level 10 of the Dungeon)
  7258 | D:10     | Noticed an unseen horror
  7266 | D:10     | Killed an unseen horror
  8152 | D:11     | Reached skill level 13 in Axes
  8176 | D:11     | Found a staircase to the Lair.
  8255 | D:11     | Noticed a six-headed hydra
  8263 | D:11     | Killed a six-headed hydra
  8402 | D:11     | Reached skill level 5 in Dodging
  8418 | D:11     | Noticed a five-headed hydra
  8443 | D:11     | Reached *** piety under Makhleb
  8871 | D:11     | Killed a five-headed hydra
  9033 | Lair:1   | Entered Level 1 of the Lair of Beasts
  9042 | Lair:1   | Found a frozen archway.
  9094 | IceCv    | Entered an ice cave
  9208 | IceCv    | Reached skill level 10 in Shields
  9208 | IceCv    | Reached XP level 12. HP: 101/109 MP: 9/9
  9327 | IceCv    | Reached **** piety under Makhleb
  9514 | IceCv    | Reached skill level 14 in Axes
  9547 | IceCv    | Noticed a death yak
  9569 | IceCv    | Killed a death yak
  9569 | IceCv    | Reached skill level 10 in Armour
  9653 | IceCv    | Noticed a death yak
  9653 | IceCv    | Noticed a frost giant
  9653 | IceCv    | Noticed a death yak
  9669 | IceCv    | Killed a death yak
  9692 | IceCv    | Killed a frost giant
  9692 | IceCv    | Reached ***** piety under Makhleb
  9713 | IceCv    | Killed a death yak
  9766 | IceCv    | Identified Vez Neum's Papyrus of Snow
 10122 | Lair:1   | Gained mutation: You possess an exceptional clarity of
                  | mind. [potion of mutation]
 10122 | Lair:1   | Gained mutation: You passively map a large area around you.
                  | [potion of mutation]
 10122 | Lair:1   | Gained mutation: You evolve. [potion of mutation]
 10212 | Lair:1   | Reached XP level 13. HP: 102/118 MP: 10/10
 10265 | Lair:1   | Reached skill level 15 in Axes
 10666 | Lair:2   | Lost mutation: You possess an exceptional clarity of mind.
                  | [evolution]
 10666 | Lair:2   | Lost mutation: You evolve. [end of evolution]
 10823 | Lair:2   | Found a glowing silver altar of Zin.
 10992 | Lair:2   | Learned a level 2 spell: Blink
 11107 | Lair:2   | You fall through a shaft for 2 floors!
 11133 | Lair:4   | Noticed Nessos
 11588 | Lair:3   | Found a staircase to the Swamp.
 11636 | Lair:3   | Found a hole to the Spider Nest.
 12019 | Lair:4   | Killed Nessos
 12166 | Lair:4   | Lost mutation: You passively map a large area around you.
                  | [potion of mutation]
 12166 | Lair:4   | Gained mutation: Armour fits poorly on your strangely
                  | shaped body. [potion of mutation]
 12166 | Lair:4   | Gained mutation: You are agile. (Dex +2) [potion of
                  | mutation]
 13037 | Lair:5   | Found a gate leading to a gauntlet.
 13067 | Gauntlet | Entered a Gauntlet
 13067 | Gauntlet | Found a transporter.
 13067 | Gauntlet | Found a transporter.
 13067 | Gauntlet | Found a runed translucent door.
 13067 | Gauntlet | Found a runed translucent gate.
 13067 | Gauntlet | Found a runed translucent gate.
 13067 | Gauntlet | Found a runed translucent gate.
 13075 | Gauntlet | Found a transporter.
 13079 | Gauntlet | Found a transporter.
 13087 | Gauntlet | Found a transporter.
 13091 | Gauntlet | Found a transporter.
 13102 | Gauntlet | Found a transporter.
 13115 | Gauntlet | Found a transporter.
 13115 | Gauntlet | Found a runed translucent door.
 13116 | Gauntlet | Found a runed translucent door.
 13129 | Gauntlet | Found a transporter.
 13133 | Gauntlet | Found a transporter.
 13144 | Gauntlet | Found a transporter.
 13145 | Gauntlet | Found a transporter.
 13149 | Gauntlet | Found a runed translucent door.
 13223 | Gauntlet | HP: 2/121 [gargoyle/stone arrow (6)]
 13224 | Gauntlet | Killed from afar by a gargoyle

Skill      XL: |  1  2  3  4  5  6  7  8  9 10 11 12 13 |
---------------+----------------------------------------+-----
Fighting       | 3 4 5 6 7 8 9 |  9.4
Axes           | 3 4 5 7 9 11 12 13 14 15 | 15.8
Dodging        | 1 2 3 4 5 6 |  6.3
Armour         | 4 5 6 7 8 9 10 | 10.8
Shields        | 4 5 6 7 9 10 11 12 | 12.1
Stealth        | 1 |  1.9
Evocations     | 2 3 |  3.4
Maces & Flails | |  0.1
Throwing       | |  0.8

Action                   |  1- 3 |  4- 6 |  7- 9 | 10-12 | 13-15 || total
-------------------------+-------+-------+-------+-------+-------++-------
Melee: War axe           |   113 |   146 |   228 |   954 |   287 ||  1728
       Morningstar       |       |       |       |       |    11 ||    11
Throw: Tomahawk          |       |       |       |    13 |       ||    13
Invok: Lesser Servant of |       |       |       |       |     1 ||     1
 Abil: Heal Wounds       |       |     2 |    10 |     5 |     1 ||    18
Evoke: Wand              |       |       |       |    39 |    14 ||    53
  Use: Scroll            |     3 |       |     8 |     8 |     8 ||    27
       Potion            |       |     5 |     2 |     2 |     3 ||    12
 Stab: Paralysed         |       |       |       |     2 |       ||     2
  Eat: Chunk             |       |     6 |       |    14 |     1 ||    21
       Ration            |       |       |     2 |     4 |     4 ||    10
Armor: Scale mail        |    69 |    60 |    33 |       |       ||   162
       Chain mail        |       |       |    56 |   321 |   123 ||   500
       Ice dragon scales |       |       |       |   147 |       ||   147
Dodge: Dodged            |    52 |    50 |    67 |   385 |   159 ||   713
Block: Shield            |    76 |    90 |   151 |   646 |   222 ||  1185
